 Dungeon Crawl Stone Soup version 0.26-a0-190-g75a3d40d47 (console) character file.

Game seed: 8090854491564120902

15 bli the Ruffian (level 2, 0/16 HPs)
             Began as a Gargoyle Transmuter on July 4, 2020.
             Slain by a giant cockroach (2 damage)
             ... on level 1 of the Dungeon.
             The game lasted 00:01:37 (237 turns).

bli the Ruffian (Gargoyle Transmuter)                Turns: 237, Time: 00:01:37

Health: 0/16       AC:  4    Str: 13    XL:     2   Next: 50%
Magic:  3/5        EV: 12    Int: 13    God:
Gold:   17         SH:  0    Dex: 10    Spells: 4/5 levels left

rFire    . . .     SeeInvis .     - Unarmed
rCold    . . .     Faith    .   (no shield)
rNeg     + . .     Spirit   .   b - +0 robe
rPois    ∞         Reflect  .   (no helmet)
rElec    +         Harm     .   (no cloak)
rCorr    .                      (no gloves)
MR       .....                  (no boots)
Stlth    +.........             (no amulet)
HPRegen  0.05/turn              (no ring)
MPRegen  0.09/turn              (no ring)

@: appendage
A: horns 2, negative energy resistance 1, electricity resistance, unbreathing,
petrification resistance, rot immunity, AC +2
a: End Transformation


You were on level 1 of the Dungeon.
You were not hungry.
You had grown temporary horns.
You visited 1 branch of the dungeon, and saw 1 of its levels.

You collected 17 gold pieces.

Inventory:

Hand Weapons
 f - a +0 club
Missiles
 a - 12 arrows
 e - 20 stones (quivered)
Armour
 b - a +0 robe (worn)
 g - a +0 ring mail
Comestibles
 c - 6 chunks of flesh
 d - a ration


   Skills:
 + Level 1.1 Fighting
 + Level 1.5 Dodging
 * Level 3.8 Unarmed Combat
 - Level 2.0 Spellcasting
 - Level 1.5 Transmutations


You had 4 spell levels left.
You knew the following spells:

 Your Spells              Type           Power        Failure   Level  Hunger
a - Beastly Appendage     Tmut           #.....       14%         1    ##.....

Your spell library contained the following spells:

 Spells                   Type           Power        Failure   Level  Hunger
 Sticks to Snakes         Tmut           #.......     21%         2    ###....
 Spider Form              Tmut/Pois      #.........   50%         3    ####...
 Ice Form                 Ice/Tmut       #.......     88%         4    #####..
 Blade Hands              Tmut           #.........   98%         5    ######.


Dungeon Overview and Level Annotations

Branches:
Dungeon (1/15)

Altars:


Innate Abilities, Weirdness & Mutations

You are resistant to torment.
Your stone body is resilient. (AC +2)
You are immune to poison.
You resist negative energy. (rN+)
You are resistant to electric shocks. (rElec)
You can survive without breathing.
You are immune to petrification.
You are immune to rotting.
You have a pair of horns on your head.


Message History

You kill the goblin!
A giant cockroach comes into view.
You hit the hobgoblin.
You kill the hobgoblin!
Things that are here:
a +0 club; a hobgoblin corpse A kobold comes into view.
It is wielding a +0 dagger.
Your magical contamination has completely faded away.
Casting: Beastly Appendage (safe; 14% risk of failure)
Confirm with . or Enter, or press ? or * to list all spells.
You grow a pair of large bovine horns.
The kobold shouts!
You hear a shout!
A rat comes into view.
You closely miss the leopard gecko. The leopard gecko barely misses you.
You hit the leopard gecko.
The leopard gecko is moderately wounded.
The leopard gecko bites you.
* * * LOW HITPOINT WARNING * * *
The giant cockroach bites you.
You die...

#..............#......8...#
##........####.#........##
#....÷....# #.#...###...##
##....#....# #.#..## ##....
#..........## #.#..## ##....
#.......(...# #.#...###....8
#........(..# #.#...........
#...........###.#...........
#...............############
####...............
#.....).@^......
#..(....ls.?....
...................
#........#.........
#.....$........K...
#.........###......
+.......... ......
#........... ..r...
[.....#.... ....


You could see a leopard gecko, a giant cockroach, a kobold and a rat
(wandering).

Vanquished Creatures
  A dart slug (D:1)
  A leopard gecko (D:1)
  A giant cockroach (D:1)
  2 hobgoblins (D:1)
  2 kobolds (D:1)
  A bat (D:1)
  2 frilled lizards (D:1)
  2 goblins (D:1)
12 creatures vanquished.

Notes
Turn   | Place    | Note
-------+----------+-------------------------------------------
     0 | D:1      | bli the Gargoyle Transmuter began the quest for the Orb.
     0 | D:1      | Reached XP level 1. HP: 12/12 MP: 3/3
   197 | D:1      | Reached XP level 2. HP: 9/16 MP: 3/5
   237 | D:1      | Slain by a giant cockroach

Illustrated notes

Levels and vault maps discovered:
D:1:      erik_arrival_cave_to_civilisation [erik_arrival_cave_to_hall],
          layout_basic, chequers_garden

Action                   || total
-------------------------++-------
Melee: Unarmed           ||    42
       Headbutt          ||     2
       Kick              ||     1
 Cast: Beastly Appendage ||     8
Armor: Robe              ||    21
Dodge: Dodged            ||    28

Table legend:
 A = Non-vault XP
 B = Vault XP
 C = Vault XP percentage of total XP
 D = Non-vault monster count
 E = Vault monster count
 F = Vault count percentage of total count
                 A         B        C        D         E       F
            +---------+---------+-------+---------+---------+-------
      Total |      22 |       0 |   0.0 |      12 |       0 |   0.0
            +---------+---------+-------+---------+---------+-------
        D:1 |      22 |       0 |   0.0 |      12 |       0 |   0.0
            +---------+---------+-------+---------+---------+-------
